 Dungeon Crawl Stone Soup version 0.31-a0-986-g5e6e4ef867 (webtiles) character file.

Game seed: 2257997128665708117

367 LeprechaunX the Changeling (level 6, -3/42 HPs)
             Began as an Octopode Shapeshifter on Nov 8, 2023.
             Was a Follower of Ru.
             Killed from afar by Ijyb (13 damage)
             ... with a puff of flame
             ... on level 4 of the Dungeon.
             The game lasted 00:04:17 (2828 turns).

LeprechaunX the Changeling (Octopode Shapeshifter)  Turns: 2828, Time: 00:04:18

Health: -3/42      AC:  1    Str: 13    XL:     6   Next: 69%
Magic:  6/6        EV: 13    Int: 12    God:    Ru [*.....]
Gold:   153        SH:  0    Dex: 14    Spells: 5/5 levels left

rFire   . .          .
                       - Unarmed
rCold   . . .        (no shield)
rNeg    . . .        (helmet currently unavailable)
rPois   .            (no amulet)
rElec   .            s - ring of wizardry
rCorr   .            (no ring)
SInv    .            (no ring)
Will    .....        (no ring)
Stlth   ++           (no ring)
HPRegen 0.27/turn    (no ring)
MPRegen 0.10/turn    (no ring)
                     (no ring)

%: wizardry (x1)
@: beast-form, horrified
A: beast (slay +2), almost no armour, amphibious, 8 rings, camouflage 1,
gelatinous body 1, cowardly, (nimble swimmer 1), tentacles
a: Begin Untransformation, Renounce Religion


You were on level 4 of the Dungeon.
You worshipped Ru.
Ru was aware of your devotion.
You were a hulking beast.
You visited 1 branch of the dungeon, and saw 4 of its levels.

You collected 153 gold pieces.

Inventory:

Hand Weapons
 a - a +0 sling
Missiles
 k - 2 boomerangs (quivered)
Jewellery
 s - a ring of wizardry (left tentacle)
Talismans
 b - a beast talisman
 c - a flux talisman
Wands
 n - a wand of flame (10)
 o - a wand of digging (14)
 r - a wand of paralysis (9)
Scrolls
 e - a scroll of fog {unknown}
 f - 2 scrolls of teleportation {unknown}
 h - a scroll of vulnerability {unknown}
 i - a scroll of amnesia {unknown}
 j - 3 scrolls of identify {unknown}
Potions
 d - a potion of haste {unknown}
 g - 5 potions of attraction {unknown}
 l - 2 potions of lignification
 m - 3 potions of degeneration {unknown}
 p - 2 potions of brilliance {unknown}
 q - a potion of mutation {unknown}


   Skills:
 + Level 3.1 Fighting
 + Level 1.8 Throwing
 - Level 2.0 Dodging
 + Level 4.2 Unarmed Combat
 + Level 0.5 Evocations
 * Level 5.0 Shapeshifting


You had 5 spell levels left.
You didn't know any spells.
Your spell library contained the following spells:

 Spells                   Type           Power      Damage    Failure   Level
 Sting                    Tmut/Pois      0%         1d3       13%         1
 Poisonous Vapours        Pois/Air       0%         N/A       21%         2
 Olgreb's Toxic Radiance  Pois           0%         N/A       75%         4


Dungeon Overview and Level Annotations

Branches:
Dungeon (4/15)
 Temple: D:4-7

Altars:
Ru

Annotations:
D:2 1 runed translucent door, Crazy Yiuf
D:3 3 runed translucent doors, DocClef's ghost, weakling DsSh
D:4 Ijyb


Innate Abilities, Weirdness & Mutations

You are a hulking beast.
Your limbs bulge with bestial killing power. (Slay +2)
You cannot wear most types of armour.
You are amphibious.
You can wear up to eight rings at the same time.
Your skin changes colour to match your surroundings (Stealth+).
Your rubbery body absorbs attacks. (AC +1, EV +1)
Your cowardice makes you less effective in combat with threatening foes.
((You are camouflaged when in or above water. (Stealth+)))
You have tentacles for arms and can constrict up to eight enemies at once.


Message History

A hound comes into view.
You feel a twist of horror at the sight of this foe.
Ijyb shouts!
The hound barks!
The endoplasm quivers.
Ijyb zaps a wand.
The puff of flame hits you! The endoplasm freezes you.
You are frozen.
You closely miss Ijyb. Your grab misses Ijyb. You squeeze Ijyb.
Ijyb is lightly wounded.
Ijyb completely misses you. The endoplasm hits you.
You tentacle-slap Ijyb. Your grab misses Ijyb.
Ijyb is lightly wounded.
Ijyb hits you with a +0 club. The endoplasm freezes you.
You are frozen.
The hound closely misses you.
You are too injured to fight recklessly!
Unknown command.
You closely miss Ijyb. You grab Ijyb.
Ijyb is lightly wounded.
You constrict Ijyb, but do no damage. The hound misses you.
A sleepcap comes into view.
The endoplasm hits you but does no damage.
Ijyb hits you with a +0 club.
You feel a twist of horror at the sight of this foe.
You tentacle-slap Ijyb but do no damage.
Ijyb is lightly wounded.
You constrict Ijyb, but do no damage. The hound bites you.
* * * LOW HITPOINT WARNING * * *
Ijyb misses you. The endoplasm misses you.
Unknown command.
You tentacle-slap Ijyb but do no damage.
Ijyb is lightly wounded.
You constrict Ijyb, but do no damage. The hound completely misses you.
The hound bites you.
* * * LOW HITPOINT WARNING * * *
The endoplasm freezes you.
You are frozen.
* * * LOW HITPOINT WARNING * * *
Ijyb zaps a wand.
The puff of flame hits you!
You die...

#..... #.#.......
#.....# #^#.......
#.....#######.#.......
#.....................
#...........##.#.....
#............#.#.....
#............#.#..###
#..J..............#
#...h........#.##..
#..gh........#.# ##
#...........##.#
#...........#
#...........#
#......f......
#...........##
#########...


You could see a sleepcap, Ijyb, a hound and an endoplasm.

Vanquished Creatures
  Sigmund (D:3)
  Terence (D:2)
  An orc wizard (D:3)
  4 gnolls (D:3)
  4 adders
  2 dart slugs
  A worm (D:3)
  3 orcs (D:3)
  6 endoplasms
  5 goblins
  5 hobgoblins
  2 jackals (D:4)
  7 kobolds
  A quokka (D:3)
  7 ball pythons
  10 bats
  7 frilled lizards
  4 rats
71 creatures vanquished.

Notes
Turn   | Place    | Note
-------+----------+-------------------------------------------
     0 | D:1      | LeprechaunX the Octopode Shapeshifter began the quest for
                  | the Orb.
     0 | D:1      | Reached XP level 1. HP: 13/13 MP: 1/1
    35 | D:1      | Found a faded altar of an unknown god.
    40 | D:1      | You fall into a shaft and drop 1 floor!
    81 | D:2      | Reached XP level 2. HP: 18/18 MP: 2/2
   191 | D:1      | Prayed at the altar of an unknown god.
   191 | D:1      | Became a worshipper of Ru the Awakened
   200 | D:1      | Gained mutation: Your cowardice makes you less effective in
                  | combat with threatening foes. [Ru sacrifice]
   200 | D:1      | Reached * piety under Ru
   513 | D:1      | Reached XP level 3. HP: 21/23 MP: 3/3
   910 | D:2      | Reached XP level 4. HP: 23/29 MP: 4/4
  1142 | D:2      | Noticed Terence
  1150 | D:2      | Killed Terence
  1151 | D:2      | Reached skill level 4 in Shapeshifting
  1232 | D:2      | Found a runed translucent door.
  1233 | D:2      | Noticed Crazy Yiuf
  1448 | D:3      | Noticed Sigmund
  1460 | D:3      | Killed Sigmund
  1461 | D:3      | Reached skill level 1 in Throwing
  1461 | D:3      | Reached XP level 5. HP: 8/36 MP: 5/5
  1461 | D:3      | Reached XP level 6. HP: 9/41 MP: 6/6
  1861 | D:3      | Found a runed translucent gate.
  1861 | D:3      | Found a runed translucent gate.
  1861 | D:3      | Found a runed translucent gate.
  1866 | D:3      | Noticed DocClef's ghost (weakling DsSh)
  2252 | D:3      | Reached skill level 5 in Shapeshifting
  2817 | D:4      | Noticed Ijyb
  2828 | D:4      | Killed from afar by Ijyb

Illustrated notes

Levels and vault maps discovered:
D:1:      mainiacjoe_arrival_oval_in_oval, layout_rooms,
          hellmonk_ecumenical_altar_arch_garden, minmay_misc_feat_iff
D:2:      layout_loops_cross, minmay_pentomino_s2, uniq_crazy_yiuf_cottage,
          uniq_terence
D:3:      layout_loops_ring, gammafunk_ghost_nasty_kobolds, serial_bayou,
          serial_bayou_pond_e, serial_bayou_shore_a, serial_bayou_lake_a,
          serial_bayou_lagoon_a, serial_bayou_pond_b, uniq_sigmund
D:4:      layout_basic, minmay_temple_entry_stoned_glass, minmay_between,
          uniq_ijyb

Skill      XL: |  1  2  3  4  5  6 |
---------------+-------------------+-----
Fighting       | 2 3 |  3.1
Shapeshifting  | 4 5 |  5.0
Throwing       | 1 |  1.8
Unarmed Combat | 4 |  4.2
Dodging        | |  2.0
Evocations     | |  0.5

Action                     |  1- 3 |  4- 6 || total
---------------------------+-------+-------++-------
  Melee: Unarmed           |    79 |    83 ||   162
         Constrict         |    17 |    19 ||    36
         Tentacles         |     8 |    15 ||    23
         Punch             |     2 |     2 ||     4
  Throw: Boomerang         |       |     6 ||     6
 Invoke: Sacrifice Courage |     1 |       ||     1
   Stab: Sleeping          |     4 |     5 ||     9
         Distracted        |     1 |       ||     1
 Armour: Skin              |    42 |    30 ||    72
  Dodge: Dodged            |    59 |    45 ||   104

Table legend: (Time is in decaauts)
 A = Elapsed time spent in this place.
 B = Non-inter-level travel time spent in this place.
 C = Inter-level travel time spent in this place.
 D = Time resting spent in this place.
 E = Time spent auto-exploring this place.
 F = Levels seen in this place.
 G = Mean time per level.
                   A        B        C        D        E       F      G
               +--------+--------+--------+--------+--------+-----+--------+
         Total |   2819 |   2740 |     79 |     94 |   2199 |   4 |  704.8 |
       Dungeon |   2819 |   2740 |     79 |     94 |   2199 |   4 |  704.8 |
               +--------+--------+--------+--------+--------+-----+--------+

Top non-repeatable levels by time:
     D:3: 1189 daAuts
     D:2: 935 daAuts
     D:1: 504 daAuts
     D:4: 189 daAuts
